Map: Radhuset Station LE

Players

Bloodrunes - Winner!

  • Race: Terran Terran
  • League: Platinum
  • Spawn Location: 7:00

SubN

  • Race: Protoss Protoss
  • League: Diamond
  • Spawn Location: 1:00

VOD

Have the link to the VOD?

Description

Time

  • Played on: Dec. 31, 2023, 7:18 p.m.
  • Length: 15:30
Show
View Real Time Build Order
Export as new Build Order

Bloodrunes Terran - Winner!

Build Orders:  

Get SALT Encoding   

  12  0:00  SCV  
  13  0:12  SCV  
  14  0:17  Supply Depot  
  14  0:24  SCV  
  15  0:39  SCV  
  16  0:43  Barracks  
  16  0:45  Refinery  
  16  0:51  SCV  
  17  1:03  SCV  
  18  1:15  SCV  
  19  1:30  Orbital Command, Barracks Reactor  
  19  1:46  Command Center  
  19  2:00  Supply Depot  
  19  2:01  SCV  
  19  2:07  Marine x2  
  22  2:13  SCV  
  23  2:27  Barracks  
  23  2:31  Barracks  
  23  2:34  SCV  
  24  2:40  Refinery  
  24  2:44  Marine x2  
  24  2:46  SCV  
  27  2:59  Orbital Command, SCV  
  27  3:02  Marine x2  
  30  3:11  SCV  
  31  3:18  Barracks Tech Lab x2  
  31  3:22  Marine x2  
  31  3:25  SCV x2  
  35  3:34  Factory  
  35  3:37  SCV x2  
  35  3:38  Stimpack  
  37  3:45  Supply Depot  
  37  3:49  SCV x2  
  37  3:51  Marine x2  
  41  3:56  Combat Shield  
  41  4:01  SCV x2  
  43  4:08  Supply Depot  
  43  4:12  Marine x2  
  43  4:13  SCV x2  
  43  4:15  Marine x2  
  49  4:21  Factory Reactor  
  49  4:25  Starport  
  49  4:31  Supply Depot  
  49  4:33  SCV x2  
  51  4:40  Marauder x2  
  56  4:45  SCV x2  
  57  4:54  Supply Depot  
  57  4:59  SCV x2  
  59  5:01  Marauder x2  
  63  5:09  Supply Depot, Medivac x2  
  63  5:10  Factory Tech Lab  
  63  5:11  SCV x2  
  69  5:16  Refinery x2  
  69  5:22  Marauder x2, Marine x2  
  75  5:28  Supply Depot  
  75  5:33  Siege Tank  
  75  5:34  Supply Depot  
  78  5:39  SCV x2  
  78  5:40  Marine x2  
  82  5:49  Engineering Bay  
  82  5:51  SCV  
  83  6:00  Supply Depot  
  83  6:02  Supply Depot  
  83  6:04  Concussive Shells  
  83  6:13  Marauder x2, Marine x2  
  83  6:14  Siege Tank  
  92  6:24  Barracks  
  92  6:26  Barracks x2  
  92  6:30  Marine  
  92  6:31  Marine  
  85  6:54  Marauder, Marine  
  85  6:55  Marauder, Marine  
  85  6:56  Siege Tank, Medivac x2  
  98  7:12  Marine x2  
  100  7:16  Marauder x2  
  100  7:18  Barracks Tech Lab, Barracks Reactor x2  
  104  7:28  Siege Tank  
  107  7:30  Marine x2  
  96  7:46  Command Center  
  85  7:57  Command Center  
  73  8:06  Marauder x3  
  73  8:07  Marine x6  
  85  8:24  Engineering Bay  
  85  8:25  Marine x4, Armory  
  85  8:26  Terran Infantry Weapons Level 1  
  89  8:27  Marauder  
  89  8:28  Marauder x2  
  89  8:29  Supply Depot  
  89  8:30  Supply Depot  
  95  8:48  Marine x6  
  95  8:49  Marauder x3  
  95  8:55  Siege Tank  
  110  9:02  Orbital Command  
  110  9:06  Marine x3  
  110  9:09  Terran Infantry Armor Level 1  
  113  9:18  Supply Depot  
  113  9:19  Supply Depot, Orbital Command  
  113  9:23  SCV x2  
  115  9:35  SCV x2  
  117  9:39  Terran Vehicle Weapons Level 1  
  117  9:43  Marine  
  117  9:44  Marauder x3, Marine x5  
  129  9:47  Siege Tank, SCV  
  133  9:54  Medivac x2  
  137  10:01  Marine x2  
  139  10:10  Refinery  
  139  10:11  Refinery  
  139  10:14  Marauder x3, Marine x3  
  139  10:15  Marine  
  149  10:24  Medivac x2  
  152  10:37  Marauder  
  152  10:38  Marauder x2, Marine x6  
  164  10:55  Marine  
  164  10:56  Marine x3  
  166  10:59  Marauder  
  166  11:03  Terran Infantry Weapons Level 2  
  162  11:11  Terran Infantry Armor Level 2  
  162  11:15  Supply Depot  
  162  11:16  Supply Depot  
  162  11:37  Marauder x3  
  165  11:43  Marine x6  
  158  11:58  Marauder, Marine  
  158  11:59  Marauder  
  158  12:00  Marine  
  158  12:01  Marine x2  
  133  12:05  Marine x3  
  133  12:06  Siege Tank  
  140  12:13  Factory  
  140  12:14  Factory  
  140  12:15  SCV x4  
  144  12:17  Marauder  
  144  12:18  Marine  
  144  12:19  Marine x2  
  144  12:20  Marauder x2  
  153  12:23  Marine  
  154  12:38  Marauder, Siege Tank  
  159  12:57  Marauder x2, Marine  
  159  12:58  Marine x5  
  169  12:59  Marauder, Factory Tech Lab x2  
  161  13:11  Siege Tank  
  135  13:15  Marine x2  
  135  13:19  Marauder x2, Marine x4  
  135  13:20  Siege Tank x2  
  135  13:21  Marauder  
  146  13:33  Marine x2  
  147  13:37  Marine x4  
  147  13:40  Marauder x2  
  146  13:43  Siege Tank  
  146  13:44  Marauder  
  148  13:51  Marine  
  148  13:52  Siege Tank  
  148  13:53  Siege Tank  
  155  14:01  Marauder  
  155  14:03  Medivac x2  
  159  14:28  Supply Depot  
  159  14:29  Supply Depot  
  158  15:11  Marine x6  
Show
View Real Time Build Order
Export as new Build Order

SubN Protoss 

Build Orders: Nexus First, Zealot Archon 

Get SALT Encoding   

  12  0:01  Probe  
  13  0:13  Probe  
  14  0:20  Pylon  
  14  0:25  Probe  
  15  0:38  Probe  
  16  0:50  Probe  
  17  1:00  Nexus  
  17  1:04  Probe  
  17  1:10  Assimilator  
  18  1:17  Probe  
  19  1:27  Gateway  
  19  1:29  Probe  
  20  1:41  Probe  
  20  1:44  Pylon  
  21  1:53  Probe  
  22  1:56  Gateway  
  22  2:05  Probe  
  23  2:11  Assimilator  
  23  2:16  Pylon  
  23  2:18  Probe  
  24  2:24  Probe  
  25  2:30  Cybernetics Core, Probe  
  25  2:36  Probe (Chrono Boost)  
  27  2:43  Probe (Chrono Boost)  
  28  2:48  Zealot  
  28  2:49  Probe (Chrono Boost)  
  31  2:53  Probe (Chrono Boost)  
  31  2:54  Zealot  
  31  2:55  Probe (Chrono Boost)  
  31  2:57  Probe (Chrono Boost)  
  35  3:03  Probe  
  37  3:06  Warp Gate  
  37  3:09  Probe  
  38  3:15  Probe, Twilight Council  
  39  3:21  Probe (Chrono Boost)  
  39  3:23  Stalker  
  42  3:27  Probe (Chrono Boost)  
  42  3:33  Probe (Chrono Boost)  
  44  3:42  Nexus  
  44  3:49  Pylon  
  44  3:52  Probe  
  44  3:53  Probe  
  46  3:56  Pylon  
  46  4:04  Probe, Templar Archives  
  46  4:07  Pylon x2  
  47  4:16  Assimilator  
  47  4:18  Probe x2  
  47  4:20  Assimilator  
  49  4:26  Stalker  
  49  4:30  Probe x2, Stalker  
  55  4:35  Charge  
  55  4:42  Probe x2  
  57  4:54  Probe (Chrono Boost)  
  57  4:55  Probe x2 (Chrono Boost)  
  60  5:05  Probe x2 (Chrono Boost)  
  60  5:06  Probe (Chrono Boost)  
  63  5:10  Probe x2 (Chrono Boost)  
  63  5:13  Robotics Facility  
  65  5:17  Gateway  
  65  5:20  Gateway  
  65  5:21  Gateway, Probe x2  
  67  5:25  Gateway  
  67  5:26  Pylon x2  
  67  5:28  Pylon  
  67  5:31  Probe (Chrono Boost)  
  67  5:33  Probe (Chrono Boost)  
  67  5:34  Probe (Chrono Boost)  
  70  5:39  High Templar  
  70  5:40  High Templar  
  70  5:42  Probe (Chrono Boost)  
  75  5:43  Psionic Storm  
  75  5:51  Assimilator  
  75  5:52  Probe x2  
  75  5:53  Assimilator  
  75  5:54  Probe  
  79  6:05  Observer  
  79  6:06  Forge  
  79  6:07  Forge  
  79  6:15  Gateway, Blink  
  79  6:17  Gateway x2  
  79  6:21  Gateway  
  79  6:24  Pylon  
  79  6:25  Pylon, High Templar  
  79  6:26  High Templar x2  
  79  6:30  Zealot x3  
  79  6:32  Archon  
  91  6:33  Archon  
  73  6:53  High Templar  
  73  6:54  High Templar  
  65  6:57  Zealot  
  49  7:02  Zealot  
  49  7:03  Zealot x2  
  55  7:12  Archon  
  55  7:16  Stalker  
  55  7:17  Stalker x2  
  55  7:20  Zealot x2  
  65  7:25  Zealot  
  65  7:26  Zealot x2  
  61  7:55  Nexus  
  61  7:58  High Templar  
  59  8:01  Zealot x3  
  59  8:02  Zealot x4  
  69  8:09  Nexus  
  69  8:16  Assimilator  
  69  8:18  Assimilator  
  69  8:22  Pylon  
  69  8:25  Pylon  
  69  8:29  Pylon  
  69  8:34  Pylon  
  69  8:36  Pylon  
  69  8:41  Probe x2  
  71  8:43  Cybernetics Core  
  71  8:45  Gateway  
  71  8:47  Gateway  
  71  8:52  Gateway  
  71  8:53  Pylon x2, Probe x2  
  71  8:55  Pylon  
  73  8:58  Assimilator  
  73  9:03  Assimilator  
  73  9:05  Probe x2  
  73  9:06  Pylon, Protoss Ground Weapons Level 1  
  73  9:07  Robotics Bay  
  73  9:09  Protoss Ground Armor Level 1  
  75  9:13  Pylon  
  75  9:17  Probe (Chrono Boost)  
  75  9:18  Probe (Chrono Boost)  
  75  9:21  Probe (Chrono Boost)  
  79  9:25  Probe (Chrono Boost)  
  79  9:29  Probe (Chrono Boost)  
  79  9:30  Probe (Chrono Boost), High Templar x3  
  87  9:34  Probe (Chrono Boost)  
  87  9:35  Probe (Chrono Boost)  
  89  9:47  Archon  
  89  9:48  Archon  
  89  9:50  Zealot x2  
  89  9:51  Zealot x3  
  99  9:56  Probe x4  
  103  10:08  Probe x2  
  103  10:10  Photon Cannon  
  103  10:11  Probe  
  103  10:12  Probe, Photon Cannon  
  107  10:16  Photon Cannon  
  107  10:20  Probe x2  
  109  10:23  Probe  
  109  10:26  Sentry x4  
  118  10:31  Zealot x4  
  118  10:36  Stalker  
  118  10:37  Stalker x6  
  118  10:38  Stalker  
  126  10:43  Probe x2  
  126  10:44  Probe x2  
  130  10:52  Colossus  
  130  10:54  Extended Thermal Lance  
  111  11:06  High Templar  
  111  11:07  High Templar x2  
  111  11:09  High Templar  
  119  11:12  Zealot  
  119  11:13  Zealot  
  119  11:14  Zealot  
  119  11:15  Zealot  
  127  11:38  Zealot x4  
  72  12:04  High Templar x3  
  72  12:07  Stalker  
  72  12:08  Stalker x4  
  83  12:32  Stalker x2  
  83  12:33  Stalker x3  
  93  12:40  High Templar x3  
  99  12:45  Archon  
  99  12:52  Colossus  
  105  12:59  Zealot x5  
  82  13:18  Zealot x2  
  82  13:19  Zealot x2  
  74  13:26  Zealot x4  
  71  13:46  Zealot  
  71  13:47  Zealot x5  
  66  14:06  Nexus  
  66  14:11  Pylon  
  66  14:14  Pylon  
  66  14:17  Pylon  
  66  14:23  Pylon, Probe x2  
  68  14:25  High Templar x2  
  68  14:26  Pylon, High Templar x5  
  68  14:27  High Templar  
  84  14:34  Cybernetics Core  
  84  14:37  Probe x2  
  86  14:39  Assimilator  
  92  14:49  Probe x2  
  94  15:01  Probe  
  94  15:02  Probe  
  94  15:04  Nexus  
  94  15:05  Archon  
  94  15:06  Archon  
  96  15:08  Assimilator  
  96  15:10  Assimilator, Zealot x4  
  96  15:13  Probe  
Tags
 
Add a new tag
Caveats
  • Supply blocks, unpowered buildings, or Contaminate may cause inaccurate times.
  • Supply counts are checked every 10 seconds.